 Dungeon Crawl Stone Soup version 0.30-a0-354-g6b83867211 (webtiles) character file.

Game seed: 16916855338409846102

2529 ytrimaz the Fighter (level 9, -4/79 HPs)
             Began as a Formicid Fighter on Nov 7, 2022.
             Was a Priest of Okawaru.
             Killed by divine providence
             ... invoked by an orc priest
              (12 damage)
             ... on level 7 of the Dungeon.
             The game lasted 00:08:06 (6739 turns).

ytrimaz the Fighter (Formicid Fighter)              Turns: 6739, Time: 00:08:07

Health: -4/79      AC:  6    Str: 17 (18) XL:     9   Next: 84%
Magic:  9/9        EV: 17    Int:  8 (10) God:    Okawaru [***...]
Gold:   349        SH:  6    Dex: 24      Spells: 8/8 levels left

rFire   . . .      SeeInvis +    a - +1 long sword
rCold   . . .      Faith    .    c - +0 buckler
rNeg    . . .      Spirit   .    b - +0 scale mail
rPois   .          Reflect  .    (helmet unavailable)
rElec   .          Harm     .    (no cloak)
rCorr   +          Rampage  .    (no gloves)
Will    .....                    (no boots)
Stlth   +.........               (no amulet)
HPRegen 0.33/turn                n - ring of the Hare {EV+8}
MPRegen 0.11/turn                q - ring of resist corrosion

@: no status effects
A: permanent stasis, dig shafts and tunnels, antennae 3, four strong arms, agile
2, clever 1, deterioration 1
a: Dig, Shaft Self, Renounce Religion, Heroism


You were on level 7 of the Dungeon.
You worshipped Okawaru.
Okawaru was most pleased with you.
You visited 2 branches of the dungeon, and saw 8 of its levels.
You also visited: Ossuary.

You collected 349 gold pieces.


Innate Abilities, Weirdness & Mutations

You cannot be hasted, slowed, berserked, paralysed or teleported.
You can dig through walls and to a lower floor.
You have a pair of large antennae on your head. (SInv)
Your four strong arms can wield two-handed weapons with a shield.
You are very agile. (Dex +8, Str/Int -2)
Your mind is acute. (Int +4, Str/Dex -1)
Your body sometimes deteriorates upon taking damage.


   Skills:
 + Level 10.3 Fighting
 + Level 9.2 Long Blades
 - Level 3.2 Armour
 - Level 4.0 Shields


You had 8 spell levels left.
You didn't know any spells.
Your spell library contained the following spells:

 Spells                   Type           Power      Damage    Failure   Level
 Sandblast                Erth           0%         2d4       87%         1
 Ensorcelled Hibernation  Hex/Ice        0%         N/A       95%         2
 Passwall                 Tmut/Erth      0%         N/A       95%         2
 Wereblood                Tmut           0%         N/A       95%         2
 Ignite Poison            Fire/Tmut/Pois 0%         N/A       99%         3
 Portal Projectile        Hex/Tloc       0%         N/A       99%         3
 Stone Arrow              Conj/Erth      0%         3d7       99%         3
 Leda's Liquefaction      Hex/Erth       0%         N/A       100%        4
 Passage of Golubria      Tloc           0%         N/A       100%        4
 Petrify                  Tmut/Erth      0%         N/A       100%        4
 Yara's Violent Unravell  Hex/Tmut       0%         3d3       100%        5
 Call Canine Familiar     Summ           Unusable   N/A       N/A         3
 Swiftness                Air            Unusable   N/A       N/A         3
 Tukima's Dance           Hex            Unusable   N/A       N/A         3

Inventory:

Hand Weapons
 a - a +1 long sword (weapon)
Armour
 b - a +0 scale mail (worn)
 c - a +0 buckler (worn)
Jewellery
 e - a ring of wizardry
   (You found it on level 1 of the Dungeon)
 n - the ring of the Hare (left hand) {EV+8}
   (You found it on level 3 of the Dungeon)

   [ring of evasion]

   EV:        It affects your evasion (+8).
 q - a ring of resist corrosion (right hand)
   (You found it on level 4 of the Dungeon)
Wands
 m - a wand of flame (28)
   (You found it on level 2 of the Dungeon)
Scrolls
 j - a scroll of fog
 k - 3 scrolls of fear
 l - a scroll of amnesia
Potions
 d - a potion of might
 f - 2 potions of brilliance
 g - 3 potions of cancellation
 h - 2 potions of magic
 i - 3 potions of heal wounds
 o - 2 potions of ambrosia {unknown}
 p - 3 potions of resistance {unknown}
 r - 2 potions of berserk rage {unknown}
 s - 2 potions of attraction {unknown}
 t - a potion of mutation
 u - 3 potions of curing
 v - 2 potions of flight {unknown}
 w - a potion of haste {unknown}

Dungeon Overview and Level Annotations

Branches:
Dungeon (7/15) Zot: 26924  Temple (1/1) D:4 Zot: 5793 Ossuary (visited)

Altars:
Ashenzari
Cheibriados
Dithmenos
Elyvilon
Gozag
Hepliaklqana
Kikubaaqudgha
Makhleb
Okawaru
Ru
Sif Muna
Trog
Vehumet
Wu Jian
Xom
Yredelemnul
Zin
The Shining One

Annotations:
D:3 1 runed translucent door, Crazy Yiuf

####..#.#!#
##.#.#.#
#.#.#.#.###
#.#.#.#.#..
#.#.#.#.#.###
#............
##.##.#.#o#####
#..#.#.#o# ..
##...#.#@#.#.#
+....#...†...#
###....#######
#.......).... {
#.##.....#### {
#.##.....#
#.##.....#
#.##.....#
#.##.....+


You could see 2 orc priests.


Message History

You hit the scorpion.
You feel very sick. The scorpion misses you.
The scorpion completely misses you. 😕 HP[-4]
You take 4 damage, and now have 72/78 hp.
You slash the scorpion!
You feel sick.
The scorpion closely misses you. 😕 HP[-1]
You take 1 damage, and now have 71/78 hp.
You hit the scorpion.
You kill the scorpion!
Okawaru accepts your kill.
Okawaru will now gift you throwing weapons as you gain piety.
You feel sick. 😕 HP[-2]
You take 2 damage, and now have 69/78 hp.
Unknown command.
You feel sick. You block the orc's attack.
An orc priest comes into view. It is wielding a +0 mace. 😕 HP[-2]
You take 2 damage, and now have 67/78 hp.
The orc priest shouts!
You slash the orc!
You kill the orc!
Okawaru accepts your kill.
You feel sick.
You hit the orc warrior.
You feel sick. You block the orc warrior's attack.
The orc priest calls down the wrath of Beogh upon you.
Beogh smites you!
Your body deteriorates!
You feel weakened.
You are too injured to fight recklessly! 😮 HP[-9]
You take 9 damage, and now have 58/78 hp.
Unknown command.
You closely miss the orc warrior.
You feel sick.
The orc warrior hits you with a +0 hand axe. 😮 HP[-6]
You take 6 damage, and now have 52/78 hp.
You are too injured to fight recklessly!
You slash the orc warrior!
You feel sick.
The orc warrior hits you with a +0 hand axe. 😮 HP[-3]
You take 3 damage, and now have 49/78 hp.
Unknown command.
You are too injured to fight recklessly!
You hit the orc warrior but do no damage.
You feel sick.
The orc warrior closely misses you. 😮 HP[-1]
You take 1 damage, and now have 48/78 hp.
You are too injured to fight recklessly!
You completely miss the orc warrior.
You feel sick.
You are no longer poisoned.
The orc warrior barely misses you.
The orc priest calls down the wrath of Beogh upon you.
Beogh smites you!
* * * LOW HITPOINT WARNING * * *
😨 HP[-16]
You take 16 damage, and now have 32/78 hp.
MASSIVE DAMAGE!! (PAUSE)
You hit the orc warrior. You block the orc warrior's attack.
An orc priest comes into view.
It is wielding a +0 short sword. 😨 HP[+1]
You are too injured to fight recklessly!
You slash the orc warrior! The orc warrior barely misses you.
Unknown command.
You barely miss the orc warrior. The orc warrior misses you.
You hit the orc warrior. You block the orc warrior's attack.
The orc priest looks satisfied for a moment. 😨 HP[+1]
You hit the orc warrior.
You kill the orc warrior!
Okawaru accepts your kill.
You now have 79 max hp (+1).
Unknown command.
You closely miss the orc.
The orc hits you but does no damage. 😨 HP[+1]
You hit the orc. The orc closely misses you.
Unknown command.
You hit the orc.
You kill the orc!
Okawaru accepts your kill.
The orc priest looks encouraged for a moment.
You slash the orc priest!
The orc priest calls down the wrath of Beogh upon you.
You resist with significant effort.
The orc priest calls down the wrath of Beogh upon you.
Beogh smites you!
* * * LOW HITPOINT WARNING * * *
😨 HP[-12]
You take 12 damage, and now have 23/79 hp.
Unknown command.
You closely miss the orc priest. The orc priest closely misses you.
You are too injured to fight recklessly!
You hit the orc priest.
The orc priest calls down the wrath of Beogh upon you.
Beogh smites you!
* * * LOW HITPOINT WARNING * * *
Your body deteriorates!
You feel dopey.
The orc priest invokes the aid of Beogh against you.
Beogh smites you!
You die...

Skill      XL: |  1  2  3  4  5  6  7  8  9 |
---------------+----------------------------+-----
Fighting       | 4 5 6 7 8 10 | 10.3
Long Blades    | 3 4 5 6 7 9 |  9.2
Armour         | |  3.2
Shields        | |  4.0

Action                   |  1- 3 |  4- 6 |  7- 9 || total
-------------------------+-------+-------+-------++-------
Melee: Long sword        |   125 |    96 |   380 ||   601
 Abil: Dig               |       |       |     1 ||     1
  Use: Scroll            |     7 |     3 |     4 ||    14
       Potion            |       |     5 |     2 ||     7
Armor: Scale mail        |    70 |    27 |    49 ||   146
Dodge: Dodged            |    77 |    74 |   233 ||   384
Block: Buckler           |    48 |    23 |    87 ||   158

Levels and vault maps discovered:
D:1:      dpeg_arrival_another_circle, layout_basic, amcnicky_mini_pool_small,
          minmay_curled_crystal, nrook_loot_triangle, minmay_cut_off
D:2:      layout_loops_cross, hellmonk_ecumenical_altar_lost_god,
          roderic_lattice_a
D:3:      layout_rooms, tso_metal_star, uniq_jessica, uniq_crazy_yiuf_cottage
D:4:      layout_cave_pools, minmay_temple_entry_stoned_glass, uniq_menkaure
D:5:      layout_loops_ring, dreamdust_princess_corridor, lightli_minifort
D:6:      layout_basic, nicolae_ossuary_entry_plus, hangedman_decor_slide_cut,
          minivault_11, dreamdust_wishing_well, uniq_duvessa
D:7:      layout_basic, st_stairs_5
Temple:   minmay_crystal_spiral_temple

Notes
Turn   | Place    | Note
-------+----------+-------------------------------------------
     0 | D:1      | ytrimaz the Formicid Fighter began the quest for the Orb.
     0 | D:1      | Reached XP level 1. HP: 18/18 MP: 1/1
     0 | D:1      | magus.rc [v1.9.6]
    53 | D:1      | You add the spells Tukima's Dance, Passage of Golubria and
                  | Yara's Violent Unravelling to your library.
    96 | D:1      | Reached XP level 2. HP: 21/24 MP: 2/2
   454 | D:1      | Reached XP level 3. HP: 25/30 MP: 3/3
   792 | D:1      | Reached skill level 4 in Fighting
   994 | D:2      | Reached skill level 3 in Long Blades
  1033 | D:2      | You pick up a book of the Hunter and begin reading...
  1033 | D:2      | You add the spells Call Canine Familiar, Portal Projectile
                  | and Leda's Liquefaction to your library.
  1132 | D:2      | Found a faded altar of an unknown god.
  1232 | D:2      | Reached XP level 4. HP: 29/37 MP: 4/4
  1776 | D:3      | Found the ring of the Hare {EV+8}
  1882 | D:3      | You add the spells Wereblood, Ignite Poison and Petrify to
                  | your library.
  1882 | D:3      | Got the Encyclopedia of Intoxicating Forms
  1911 | D:3      | Noticed Jessica
  1921 | D:3      | Killed Jessica
  1922 | D:3      | Reached XP level 5. HP: 41/43 MP: 5/5
  2065 | D:3      | Noticed an ice beast
  2085 | D:3      | Killed an ice beast
  2086 | D:3      | Reached skill level 5 in Fighting
  2086 | D:3      | Reached skill level 4 in Long Blades
  2086 | D:3      | Reached XP level 6. HP: 36/51 MP: 6/6
  2154 | D:3      | You pick up a book of Geomancy and begin reading...
  2154 | D:3      | You add the spells Sandblast, Passwall and Stone Arrow to
                  | your library.
  2191 | D:3      | Found a runed translucent door.
  2192 | D:3      | Noticed Crazy Yiuf
  2232 | D:3      | Found a glowing golden altar of the Shining One.
  2579 | D:4      | You pick up a book of Burglary and begin reading...
  2601 | D:4      | Noticed Menkaure
  2614 | D:4      | Gained mutation: You are agile. (Dex +4, Str/Int -1)
                  | [potion of mutation]
  2614 | D:4      | Gained mutation: Your mind is acute. (Int +4, Str/Dex -1)
                  | [potion of mutation]
  2614 | D:4      | Gained mutation: Your body sometimes deteriorates upon
                  | taking damage. [potion of mutation]
  2614 | D:4      | Gained mutation: You are very agile. (Dex +8, Str/Int -2)
                  | [potion of mutation]
  2623 | D:4      | Killed Menkaure
  2624 | D:4      | Reached skill level 6 in Fighting
  2624 | D:4      | Reached skill level 5 in Long Blades
  2624 | D:4      | Reached XP level 7. HP: 30/58 MP: 7/7
  2669 | D:4      | HP: 13/58 [orc/+0 club (3)]
  3048 | D:4      | Found a staircase to the Ecumenical Temple.
  3309 | Temple   | Entered the Ecumenical Temple
  3508 | Temple   | Became a worshipper of Warmaster Okawaru
  3543 | D:5      | Entered Level 5 of the Dungeon
  3654 | D:5      | Reached skill level 7 in Fighting
  3663 | D:5      | Reached skill level 6 in Long Blades
  3761 | D:5      | Reached XP level 8. HP: 59/67 MP: 8/8
  4200 | D:5      | Reached * piety under Okawaru
  4215 | D:5      | Reached skill level 8 in Fighting
  4215 | D:5      | Reached skill level 7 in Long Blades
  4804 | D:6      | Noticed Dowan
  4814 | D:6      | Noticed Duvessa
  4821 | D:6      | Killed Duvessa
  4829 | D:6      | Killed Dowan
  4922 | D:6      | Reached XP level 9. HP: 49/75 MP: 9/9
  5016 | D:6      | Reached ** piety under Okawaru
  5031 | D:6      | Reached skill level 9 in Fighting
  5078 | D:6      | Reached skill level 8 in Long Blades
  5397 | D:6      | Found a sand-covered staircase.
  5403 | Ossuary  | Entered an ossuary
  6152 | D:6      | Reached skill level 10 in Fighting
  6344 | D:6      | Reached skill level 9 in Long Blades
  6721 | D:7      | Reached *** piety under Okawaru
  6739 | D:7      | HP: 8/79 [orc priest/divine providence (15)]
  6739 | D:7      | Killed from afar by an orc priest

Vanquished Creatures
  Menkaure (D:4)
  A steam dragon (D:6)
  A water moccasin (D:6)
  Duvessa (D:6)
  3 ice beasts
  2 black bears (D:6)
  An orc warrior (D:7)
  2 ogres
  A phantom (D:5)
  2 gnoll sergeants
  5 scorpions
  Dowan (D:6)
  A howler monkey (D:5)
  3 hounds
  2 orc priests
  2 gnoll boudas
  Jessica (D:3)
  3 iguanas
  An orc wizard (D:6)
  4 mummies (Ossuary)
  16 gnolls
  8 adders
  2 white imps (D:6)
  2 worms
  A dart slug (D:4)
  15 orcs
  4 endoplasms
  2 giant cockroaches
  3 gnoll zombies (Ossuary)
  4 goblins
  9 hobgoblins
  6 jackals (D:2)
  3 kobolds
  6 quokkas
  9 ball pythons
  8 bats
  A frilled lizard (D:2)
  5 gnoll skeletons (Ossuary)
  3 goblin skeletons (Ossuary)
  7 goblin zombies (Ossuary)
  A hobgoblin skeleton (Ossuary)
  3 hobgoblin zombies (Ossuary)
  7 kobold skeletons (Ossuary)
  2 kobold zombies (Ossuary)
  4 orc skeletons (Ossuary)
  5 orc zombies (Ossuary)
  6 rats
  5 rat skeletons (Ossuary)
  5 rat zombies (Ossuary)
190 creatures vanquished.

Table legend:
 A = Non-vault XP
 B = Vault XP
 C = Vault XP percentage of total XP
 D = Non-vault monster count
 E = Vault monster count
 F = Vault count percentage of total count
                 A         B        C        D         E       F
            +---------+---------+-------+---------+---------+-------
      Total |    2918 |     695 |  19.2 |     127 |      63 |  33.2
            +---------+---------+-------+---------+---------+-------
        D:1 |      40 |       1 |   2.4 |      25 |       1 |   3.8
        D:2 |      50 |       0 |   0.0 |      16 |       0 |   0.0
        D:3 |     194 |      37 |  16.0 |      15 |       1 |   6.2
        D:4 |     281 |     183 |  39.4 |      23 |       1 |   4.2
        D:5 |     753 |     131 |  14.8 |      16 |       4 |  20.0
        D:6 |    1384 |     218 |  13.6 |      28 |       2 |   6.7
        D:7 |     216 |       0 |   0.0 |       4 |       0 |   0.0
    Ossuary |       0 |     125 | 100.0 |       0 |      54 | 100.0
            +---------+---------+-------+---------+---------+-------

Illustrated notes

Table legend:
 A = Kills in this place as a percentage of kills in entire the game.
 B = Kills by you in this place as a percentage of kills by you in the entire game.
 C = Kills by friends in this place as a percentage of kills by friends in the entire game.
 D = Other kills in this place as a percentage of other kills in the entire game.
 E = Experience gained in this place as a percentage of experience gained in the entire game.
 F = Experience gained in this place divided by the number of levels of this place that you have seen.
                   A       B       C       D       E      F
               +-------+-------+-------+-------+-------+----------------------
         Total | 100.0 | 100.0 |   N/A |   N/A | 100.0 | 401.4
       Dungeon |  71.6 |  71.6 |   N/A |   N/A |  96.5 | 498.3
       Ossuary |  28.4 |  28.4 |   N/A |   N/A |   3.5 | 125.0
               +-------+-------+-------+-------+-------+----------------------

Table legend: (Time is in decaauts)
 A = Elapsed time spent in this place.
 B = Non-inter-level travel time spent in this place.
 C = Inter-level travel time spent in this place.
 D = Time resting spent in this place.
 E = Time spent auto-exploring this place.
 F = Levels seen in this place.
 G = Mean time per level.
                   A        B        C        D        E       F      G
               +--------+--------+--------+--------+--------+-----+--------+
         Total |   6815 |   6612 |    203 |    248 |   4894 |   9 |  757.2 |
       Dungeon |   6236 |   6116 |    120 |    248 |   4655 |   7 |  890.9 |
        Temple |    206 |    123 |     83 |      0 |    105 |   1 |  206.0 |
       Ossuary |    372 |    372 |      0 |      0 |    134 |   1 |  372.0 |
               +--------+--------+--------+--------+--------+-----+--------+

Top non-repeatable levels by time:
     D:6: 1513 daAuts
     D:5: 1245 daAuts
     D:1: 960 daAuts
     D:4: 843 daAuts
     D:2: 828 daAuts
     D:3: 770 daAuts
 Ossuary: 372 daAuts
  Temple: 206 daAuts
     D:7: 74 daAuts
